 Dungeon Crawl Stone Soup version 0.20-a0-1018-ge435b50 (webtiles) character file.

259 Monsterracer the Ruffian (level 5, -6/47 HPs)
             Began as a Troll Monk on Apr 17, 2017.
             Mangled by truemonolith's ghost (11 damage)
             ... on level 4 of the Dungeon.
             The game lasted 00:08:21 (3294 turns).

Monsterracer the Ruffian (Troll Monk)               Turns: 3294, Time: 00:08:22

Health: -6/47      AC:  5    Str: 20    XL:     5   Next: 94%
Magic:  4/4        EV: 11    Int:  8    God:
Gold:   174        SH:  0    Dex: 12    Spells: 4/4 levels left

rFire    . . .     SeeInvis .     - Unarmed
rCold    . . .     Gourm    +   (no shield)
rNeg     . . .     Faith    .   a - +0 robe
rPois    .         Spirit   .   (helmet restricted)
rElec    .         Reflect  .   (no cloak)
rCorr    .         Harm     .   (gloves unavailable)
MR       .....                  (boots unavailable)
Stlth    ++........             (no amulet)
Regen    0.6/turn               (no ring)
MPRegen  0.1/turn               (no ring)

@: hasted, very quick
A: unfitting armour, claws 3, clever 1, fast metabolism 3, frail 1, gourmand,
regeneration 1, shaggy fur 1, tough skin 2
a: no special abilities


You were on level 4 of the Dungeon.
You were very full.

You visited 1 branch of the dungeon, and saw 4 of its levels.

You collected 174 gold pieces.

Inventory:

Missiles
 e - 83 stones (quivered)
 o - 2 javelins
Armour
 a - a +0 robe (worn)
Wands
 g - a wand of polymorph (7/24)
 k - a wand of digging (13/24)
 n - a wand of confusion (7/48)
Scrolls
 c - a scroll of enchant armour {unknown}
 d - 2 scrolls of magic mapping {unknown}
 h - 3 scrolls of identify {unknown}
 i - a scroll of amnesia {unknown}
 l - a scroll of recharging {unknown}
 m - 2 scrolls of teleportation {unknown}
 p - 2 scrolls of remove curse {unknown}
 q - 4 scrolls of fear {unknown}
Books
 r - a book of Minor Magic

   Spells                             Type                      Level
   a - Magic Dart                     Conjuration                  1
   b - Blink                          Translocation                2
   c - Call Imp                       Summoning                    2
   d - Slow                           Hexes                        2
   e - Conjure Flame                  Conjuration/Fire             3
   f - Mephitic Cloud                 Conjuration/Poison/Air       3
Comestibles
 b - 3 bread rations
 j - a royal jelly


   Skills:
 + Level 3.6 Fighting
 + Level 1.5 Throwing
 + Level 3.4 Dodging
 - Level 2.1 Stealth
 * Level 4.8 Unarmed Combat


You had 4 spell levels left.
You didn't know any spells.

Dungeon Overview and Level Annotations

Branches:
Dungeon (4/15)
 Temple: D:4-7

Altars:
Nemelex Xobeh
Qazlal
Zin

Annotations:
D:4 truemonolith's ghost, novice DsGl


Innate Abilities, Weirdness & Mutations

You are too large for most types of armour.
You have claws for hands.
Your metabolism is lightning-fast.
You like to eat raw meat.
Your natural rate of healing is unusually fast.
You are covered in fur. (AC +1)
You have very tough skin. (AC +2)
Your mind is acute. (Int +2)
You are frail. (-10% HP)


Message History

You barely miss truemonolith's ghost.
Truemonolith's ghost is severely damaged.
You closely miss truemonolith's ghost.
Truemonolith's ghost is severely damaged.
Truemonolith's ghost closely misses you.
You barely miss truemonolith's ghost.
Truemonolith's ghost is severely damaged.
You closely miss truemonolith's ghost.
Truemonolith's ghost is severely damaged.
Truemonolith's ghost closely misses you.
You claw truemonolith's ghost!
Truemonolith's ghost is almost destroyed.
Truemonolith's ghost hits you!
* * * LOW HITPOINT WARNING * * *
You barely miss truemonolith's ghost.
Truemonolith's ghost is almost destroyed.
You closely miss truemonolith's ghost.
Truemonolith's ghost is almost destroyed.
Truemonolith's ghost hits you!
You die...

#.## ##.......##
#.#.##.#. .# ##.....##
#.# # # # ##..)## #.# #
##+# #####.#
#.###...#.###.##.
#.##..........$..
######.#.......###.###
#..................
######.##.....(W@...####
.............(.....##
######.####(.##...##
#.####..###### #.....W.#
######.## #.# #.# #.#


You could see truemonolith's ghost.

Vanquished Creatures
  A hound (D:4)
  Jessica (D:2)
  Natasha (D:4)
  7 adders
  4 gnolls (D:4)
  An ooze (D:2)
  2 worms
  3 leopard geckos
  2 orcs (D:3)
  A ball python (D:2)
  3 giant cockroaches
  4 goblins
  2 hobgoblins
  11 jackals
  A kobold (D:1)
  A quokka (D:2)
  8 bats
  12 frilled lizards
  6 rats
  A plant (D:3)
72 creatures vanquished.

Notes
Turn   | Place    | Note
-------+----------+-------------------------------------------
     0 | D:1      | Monsterracer the Troll Monk began the quest for the Orb.
     0 | D:1      | Reached XP level 1. HP: 23/23 MP: 0/0
    36 | D:1      | Gained mutation: You are frail. (-10% HP) [potion of mutation]
    36 | D:1      | Gained mutation: Your mind is acute. (Int +2) [potion of mutation]
   113 | D:1      | Reached skill level 1 in Unarmed Combat
   191 | D:1      | Reached XP level 2. HP: 27/27 MP: 1/1
   329 | D:1      | Reached skill level 2 in Unarmed Combat
   799 | D:2      | Noticed Jessica
   815 | D:2      | Killed Jessica
   815 | D:2      | Reached skill level 3 in Unarmed Combat
   815 | D:2      | Reached XP level 3. HP: 33/33 MP: 2/2
   901 | D:2      | Found a sparkling altar of Nemelex Xobeh.
  1019 | D:2      | Reached XP level 4. HP: 30/40 MP: 3/3
  1191 | D:2      | Found a stormy altar of Qazlal.
  1283 | D:2      | Found a glowing silver altar of Zin.
  1688 | D:2      | Reached skill level 4 in Unarmed Combat
  2431 | D:4      | Reached XP level 5. HP: 43/47 MP: 4/4
  2524 | D:4      | Reached skill level 1 in Throwing
  2548 | D:4      | Noticed truemonolith's ghost (novice DsGl)
  3012 | D:4      | Noticed Natasha
  3018 | D:4      | Killed Natasha
  3294 | D:4      | Mangled by truemonolith's ghost

Vault maps used:
D:1:      dpeg_arrival_yet_another_circle, serial_bayou_pond_c,
          minmay_misc_feat_diagonals
D:2:      lemuel_coloured_pillars_altar, marbit_many_paths,
          nemelex_xobeh_ov_fountains_minmay, uniq_jessica
D:3:      first_bread, minmay_lizard_king
D:4:      uniq_natasha

Skill      XL: |  1  2  3  4  5 |
---------------+----------------+-----
Unarmed Combat | 1 3 4 |  4.8
Throwing       | 1 |  1.5
Fighting       | |  3.6
Dodging        | |  3.4
Stealth        | |  2.1

Action                   |  1- 3 |  4- 6 || total
-------------------------+-------+-------++-------
Melee: Unarmed           |    56 |   174 ||   230
       Punch             |     1 |     3 ||     4
Throw: Stone             |    41 |   109 ||   150
       Tomahawk          |       |     4 ||     4
  Use: Potion            |     3 |     5 ||     8
  Eat: Meat ration       |     1 |       ||     1
       Chunk             |     1 |    27 ||    28
       Royal jelly       |       |     1 ||     1
Armor: Robe              |    14 |    43 ||    57
Dodge: Dodged            |    17 |    66 ||    83
